 Dungeon Crawl Stone Soup version 0.18.1-48-g4cf74bf (webtiles) character file.

7 tyranidshit the Skirmisher (level 1, -3/18 HPs)
             Began as a Demonspawn Abyssal Knight on Sept 7, 2016.
             Was a Follower of Lugonu.
             Slain by a gnoll (6 damage)
             ... on level 1 of the Dungeon.
             The game lasted 00:01:42 (374 turns).

tyranidshit the Skirmisher (DsAK)                    Turns: 374, Time: 00:01:43

Health: -3/18      AC:  5    Str: 12    XL:     1   Next: 91%
Magic:  2/2        EV: 10    Int: 13    God:    Lugonu [*.....]
Gold:   30         SH:  0    Dex: 12    Spells: 0 memorised, 0 levels left

rFire  . . .     SeeInvis .     a - +1 hand axe
rCold  . . .     Gourm    .     e - +0 ring mail
rNeg   . . .     Faith    .     (no shield)
rPois  .         Spirit   .     (no helmet)
rElec  .         Dismiss  .     (no cloak)
rCorr  .         Reflect  .     (no gloves)
SustAt .         Harm     .     (no boots)
MR     .....                    (no amulet)
Stlth  +.........               (no ring)
                                (no ring)

@: not resistant to hostile enchantments, very unstealthy
A: talons 1, deterioration 1, MP-powered wands
a: Depart the Abyss, Renounce Religion


You were on level 1 of the Dungeon.
You worshipped Lugonu.
Lugonu was aware of your devotion.
You were not hungry.

You visited 1 branch of the dungeon, and saw 1 of its levels.
You visited the Abyss 1 time.

You collected 30 gold pieces.

Inventory:

Hand Weapons
 a - a +1 hand axe (weapon)
 d - a +0 hand axe
Missiles
 h - a throwing net (quivered)
Armour
 b - a +0 leather armour
 e - a +0 ring mail (worn)
Potions
 f - a potion of might {unknown}
 g - a potion of brilliance {unknown}
Comestibles
 c - a bread ration


   Skills:
 + Level 3.5 Fighting
 - Level 1.7 Axes
 - Level 1.7 Armour
 - Level 0.8 Dodging
 - Level 2.4 Invocations


You couldn't memorise any spells.
You didn't know any spells.

Dungeon Overview and Level Annotations

Branches:
Dungeon (1/15)

Altars:


Innate Abilities, Weirdness & Mutations

You have sharp toenails.
Your body sometimes deteriorates upon taking damage.
You expend magic power (3 MP) to strengthen your wands.


Message History

* * * LOW HITPOINT WARNING * * *
You closely miss the gnoll. You claw the gnoll, but do no damage.
The gnoll hits you.
* * * LOW HITPOINT WARNING * * *
Your ring mail prevents you from hitting the gnoll.
Your kick misses the gnoll. The gnoll closely misses you.
You barely miss the gnoll. You claw the gnoll, but do no damage.
The gnoll barely misses you.
You barely miss the gnoll. You claw the gnoll, but do no damage.
The gnoll misses you. The gnoll hits you but does no damage.
You hit the gnoll.
The gnoll is moderately wounded.
The gnoll closely misses you.
You hit the gnoll. You claw the gnoll, but do no damage.
The gnoll is moderately wounded.
The gnoll hits you but does no damage.
You hit the gnoll. You claw the gnoll, but do no damage.
The gnoll is severely wounded.
The gnoll hits you.
You die...

#..##...........#.####.
#....##.....##..#.####.
###.#.)..........#.##...
.........^...###.##.##.##
..........#..........#...
..........####......#####
..........####......#
####..##(....#......# #..
#@....#......# ....
#g....####)####### ....
#.....# #......... ...
#.....# #.........
......# #.........
......# +.........
...#####+......... ##..#
#......##### ## #......#


You could see a gnoll.

Vanquished Creatures
  A giant gecko (D:1)
  A bat (D:1)
  A goblin (D:1)
  2 hobgoblins (D:1)
5 creatures vanquished.

Notes
Turn   | Place    | Note
--------------------------------------------------------------
     0 | Abyss:1  | tyranidshit the Demonspawn Abyssal Knight began the quest for the Orb.
     0 | Abyss:1  | Reached XP level 1. HP: 18/18 MP: 2/2
    45 | Abyss:1  | Found a corrupted altar of Lugonu.
    87 | D:1      | Escaped the Abyss
    94 | D:1      | Noticed a hound
    94 | D:1      | Noticed a lindwurm
    94 | D:1      | Noticed a worker ant
    94 | D:1      | Noticed an anaconda
    94 | D:1      | Noticed a polar bear
   294 | D:1      | Gained mutation: Your body sometimes deteriorates upon taking damage. [potion of mutation]
   294 | D:1      | Gained mutation: You have sharp toenails. [potion of mutation]
   294 | D:1      | Gained mutation: You expend magic power (3 MP) to strengthen your wands. [potion of mutation]
   374 | D:1      | Slain by a gnoll

Action                   || total
-------------------------++-------
Melee: Hand axe          ||    21
       Kick              ||     5
  Use: Potion            ||     1
Armor: Ring mail         ||     9
Dodge: Dodged            ||    14
